 Dungeon Crawl Stone Soup version 0.25.1-2-g60ff931df9 (webtiles) character file.

Game seed: 15057584274877969927

3052 Forgol the Covert (level 9, -10/61 HPs)
             Began as a Felid Berserker on Sept 9, 2020.
             Was an Elder of Trog.
             Shot with a sling bullet by Joseph (12 damage)
             ... on level 7 of the Dungeon.
             The game lasted 00:31:09 (10407 turns).

Forgol the Covert (Felid Berserker)                Turns: 10407, Time: 00:31:10

Health: -10/61     AC:  2    Str: 13    XL:     9   Next: 57%
Magic:  19/19      EV: 23    Int:  9    God:    Trog [****..]
Gold:   442        SH:  0    Dex: 18    Spells: 8/8 levels left
                                        Lives:  0   Deaths: 2

rFire    . . .     SeeInvis +     - Unarmed
rCold    . . .     Gourm    .   (shield unavailable)
rNeg     . . .     Faith    .   (armour unavailable)
rPois    .         Spirit   .   (helmet unavailable)
rElec    .         Reflect  .   (cloak unavailable)
rCorr    .         Harm     .   (gloves unavailable)
MR       +....                  (boots unavailable)
Stlth    ..........             (no amulet)
HPRegen  0.20/turn              i - ring of magical power
MPRegen  0.16/turn              (no ring)

@: berserking, drained, very quick
A: very small, no armour, no weapons or thrown items, stealth, claws 1, fangs 3,
see invisible, carnivore, speed 1, shaggy fur 2, slow metabolism 1, sharp paws
a: Berserk, Trog's Hand, Brothers in Arms, Renounce Religion


You were on level 7 of the Dungeon.
You worshipped Trog.
Trog was greatly pleased with you.
You were very full.

You visited 1 branch of the dungeon, and saw 7 of its levels.
You also visited: Ossuary.

You collected 442 gold pieces.

Inventory:

Jewellery
 i - a ring of magical power (left paw)
Wands
 m - a wand of paralysis (5)
 n - a wand of iceblast (6)
 u - a wand of clouds (4)
Scrolls
 f - a scroll of identify
 g - a scroll of remove curse
 j - 4 scrolls of blinking
 o - 2 scrolls of magic mapping
Potions
 b - 3 potions of flight
 d - 6 potions of curing
 e - 2 potions of lignification
 h - a potion of heal wounds
 k - 2 potions of stabbing
 l - a potion of ambrosia {unknown}
 p - a potion of berserk rage {unknown}
 r - a potion of magic {unknown}
Comestibles
 a - 15 rations
 c - a chunk of flesh


   Skills:
 + Level 6.2(5.6) Fighting
 + Level 8.3(7.6) Dodging
 + Level 10.4(9.7) Stealth
 * Level 9.7(9.1) Unarmed Combat


You had 8 spell levels left.
You didn't know any spells.
Your spell library was empty.

Dungeon Overview and Level Annotations

Branches:
Dungeon (7/15)             Temple (0/1) D:6         Ossuary (visited)

Altars:
Trog

Shops:
D:4 [   D:7 (

Annotations:
D:7 Joseph


Innate Abilities, Weirdness & Mutations

You cannot wear armour.
You are incapable of wielding weapons or throwing items.
Your paws allow you to move quietly. (Stealth)
You have sharp claws.
You have razor-sharp teeth.
You have supernaturally acute eyesight. (SInv)
You are carnivorous and can eat meat at any time.
You cover ground quickly.
You are covered in thick fur. (AC +2)
You have a slow metabolism.
Your sharp claws are effective at attacking unaware monsters.


Message History

You barely miss the wight. The wight completely misses you.
You scratch the wight but do no damage.
Joseph shouts!
Joseph unwields a +0 quarterstaff.
Joseph wields a +0 hunting sling.
Joseph shoots a sling bullet.
The sling bullet hits you. The wight hits you with a +1 spear!
You feel drained.
You barely miss the wight. You bite the wight.
The wight is lightly damaged.
The wight hits you with a +1 spear.
You feel drained.
A red film seems to cover your vision as you go berserk!
You feel yourself moving faster!
You feel mighty!
Joseph shoots a sling bullet.
The sling bullet hits you!!
* * * LOW HITPOINT WARNING * * *
The wight hits you with a +1 spear!
* * * LOW HITPOINT WARNING * * *
You claw the wight! You bite the wight.
You destroy the wight!
Trog accepts your kill.
Joseph shoots a sling bullet.
The sling bullet hits you!
You die...

#.......# #.......#
#.......# #%...@..#
#.......#
####.......#
#######........).#
##.......#)..).@..#
#..#####..:..)....#
##.#......##..)....#
#..<.###############
......##### #######
#.###.....###.....#
....#####..##.....#
#.#.).............#
#.#####....#......#


You could see Joseph.

Vanquished Creatures
  Maggie (D:7)
  Grinder (D:5)
  Menkaure (D:6)
  A water moccasin (D:6)
  2 ice beasts (D:5)
  2 sky beasts
  2 ogres
  A phantom (D:4)
  A centaur (D:5)
  2 elf zombies (Ossuary)
  Blork the orc (D:6)
  4 bullfrogs
  2 wyvern zombies
  6 killer bees (D:6)
  2 jellies (D:4)
  2 howler monkeys
  4 wights (D:7)
  3 crimson imps
  A bullfrog zombie (D:5)
  A quasit (D:6)
  A centaur skeleton (D:5)
  4 centaur zombies (Ossuary)
  2 hounds
  4 orc priests
  5 orc wizards
  Ijyb (D:5)
  An iguana (D:6)
  6 worker ants
  A big kobold zombie (Ossuary)
  2 mummies (Ossuary)
  2 gnolls (D:2)
  10 adders
  A shadow imp (D:5)
  2 oozes
  An adder zombie (Ossuary)
  3 worms
  2 dart slugs
  3 leopard geckos
  22 orcs
  5 ball pythons
  9 bats
  2 giant cockroaches (D:2)
  8 goblins
  9 hobgoblins
  10 jackals
  A kobold (D:1)
  4 quokkas
  8 frilled lizards
  10 hobgoblin zombies (Ossuary)
  3 jackal zombies
  9 kobold zombies (Ossuary)
  2 leopard gecko skeletons
  A leopard gecko zombie (D:6)
  8 orc zombies (Ossuary)
  A quokka skeleton (D:4)
  3 rats
206 creatures vanquished.

Vanquished Creatures (others)
  7 toadstools (D:1)
7 creatures vanquished.

Grand Total: 213 creatures vanquished

Notes
Turn   | Place    | Note
-------+----------+-------------------------------------------
     0 | D:1      | Forgol the Felid Berserker began the quest for the Orb.
     0 | D:1      | Reached XP level 1. HP: 10/10 MP: 2/2
   609 | D:1      | Reached XP level 2. HP: 11/14 MP: 3/3
  1301 | D:1      | Reached skill level 1 in Stealth
  1867 | D:2      | Reached skill level 2 in Stealth
  1867 | D:2      | Reached XP level 3. HP: 12/17 MP: 4/4
  2911 | D:2      | Reached XP level 4. HP: 21/21 MP: 5/5
  2973 | D:2      | Found a bloodstained altar of Trog.
  3029 | D:2      | Reached skill level 3 in Stealth
  3077 | D:2      | Found a faded altar of an unknown god.
  3202 | D:3      | Reached ** piety under Trog
  3384 | D:3      | HP: 1/31 [wyvern zombie (3)]
  3386 | D:3      | Reached XP level 5. HP: 1/24 MP: 6/6
  4394 | D:4      | Noticed a phantom
  4454 | D:4      | Killed a phantom
  4454 | D:4      | Reached skill level 5 in Dodging
  4454 | D:4      | Reached skill level 4 in Stealth
  4454 | D:4      | Reached skill level 5 in Unarmed Combat
  4454 | D:4      | Gained mutation: You are covered in thick fur. (AC +2)
                  | [Felid growth]
  4454 | D:4      | Reached XP level 6. HP: 28/28 MP: 7/7
  5486 | D:4      | Found Destutol's Antique Armour Boutique.
  5554 | D:4      | Reached *** piety under Trog
  5554 | D:4      | Reached skill level 5 in Stealth
  5680 | D:5      | Entered Level 5 of the Dungeon
  5680 | D:5      | Noticed a sky beast
  5720 | D:5      | Shot with an arrow by a centaur
  5721 | D:5      | Reached XP level 5. HP: 0/25 MP: 6/6
  5725 | D:5      | Noticed an ice beast
  5730 | D:5      | Killed an ice beast
  5730 | D:5      | Reached XP level 6. HP: 28/28 MP: 7/7
  5774 | D:5      | Killed a sky beast
  5774 | D:5      | Reached skill level 6 in Stealth
  5794 | D:5      | Noticed an ice beast
  6033 | D:5      | Reached XP level 7. HP: 32/32 MP: 8/8
  6050 | D:5      | Reached skill level 7 in Stealth
  6305 | D:5      | Mangled by an ice beast
  6306 | D:5      | Reached XP level 6. HP: -8/28 MP: 15/16
  6342 | D:5      | Killed an ice beast
  6375 | D:5      | Noticed Grinder
  6381 | D:5      | Killed Grinder
  6381 | D:5      | Reached skill level 8 in Stealth
  6381 | D:5      | Reached XP level 7. HP: 32/32 MP: 8/8
  6450 | D:5      | Identified the cursed +0 spear "Pisoemaz" {vorpal, *Noise
                  | +Inv Dex+8}
  6465 | D:5      | Paralysed by a crimson imp for 7 turns
  6872 | D:5      | Noticed Ijyb
  6879 | D:5      | Killed Ijyb
  7879 | D:6      | Reached XP level 8. HP: 36/36 MP: 9/9
  7889 | D:6      | Found a sand-covered staircase.
  7894 | Ossuary  | Entered an ossuary
  7966 | Ossuary  | Reached **** piety under Trog
  8270 | Ossuary  | Reached skill level 5 in Fighting
  8270 | Ossuary  | Reached skill level 9 in Stealth
  8660 | D:6      | Noticed Menkaure
  8688 | D:6      | Killed Menkaure
  9037 | D:6      | Noticed Blork the orc
  9115 | D:6      | Killed Blork the orc
  9229 | D:6      | Reached XP level 9. HP: 40/40 MP: 10/10
  9577 | D:6      | Found a staircase to the Ecumenical Temple.
  9683 | D:7      | Noticed Maggie
  9766 | D:7      | Killed Maggie
  9766 | D:7      | Reached skill level 10 in Stealth
 10211 | D:7      | Found Tuexali's Antique Weapon Shoppe.
 10392 | D:7      | Noticed Joseph
 10406 | D:7      | HP: 2/61 [wight/+1 spear (9)]
 10407 | D:7      | Shot with a sling bullet by Joseph

Illustrated notes

Levels and vault maps discovered:
D:1:      nagdon_arrival_double_spiral, layout_basic, hex_tiny, st_stairs_9,
          minmay_shallow_snake_nest
D:2:      layout_loops_ring, lemuel_coloured_pillars_altar,
          chequers_ecumenical_altar_simple
D:3:      layout_rooms
D:4:      layout_gridville, serial_shops, shop_fountains, first_ration
D:5:      layout_loops_ring, minmay_starry_boxes, uniq_grinder, uniq_ijyb
D:6:      layout_basic, minmay_temple_entry_statues_pillars,
          lightli_ossuary_entry_decrepit_ruins, uniq_menkaure,
          uniq_blork_the_orc
D:7:      layout_rooms, serial_shops, kennysheep_mini, uniq_joseph, uniq_maggie

Skill      XL: |  1  2  3  4  5  6  7  8  9 |
---------------+----------------------------+-----
Stealth        | 2 3 4 8 7 9 10 | 10.4
Unarmed Combat | 4 5 7 8 9 |  9.7
Dodging        | 5 6 7 8 |  8.3
Fighting       | 4 5 6 |  6.2

Action                   |  1- 3 |  4- 6 |  7- 9 || total
-------------------------+-------+-------+-------++-------
Melee: Unarmed           |    80 |   163 |   290 ||   533
       Bite              |     4 |    11 |    34 ||    49
       Punch             |       |     2 |     6 ||     8
Invok: Berserk           |     3 |    14 |    13 ||    30
       Trog's Hand       |       |     3 |     6 ||     9
  Use: Scroll            |     3 |     8 |     6 ||    17
       Potion            |       |     1 |       ||     1
 Stab: Distracted        |     1 |     1 |     1 ||     3
       Sleeping          |     1 |    12 |    24 ||    37
  Eat: Chunk             |    14 |    24 |    27 ||    65
Armor: Skin              |     5 |     3 |     6 ||    14
Dodge: Dodged            |    65 |   125 |   207 ||   397
